 Dungeon Crawl Stone Soup version 0.29-a0-344-ge2f44be95a (webtiles) character file.

Game seed: 9138560377786052228

24820 iguanaiguana the Severer (level 12, -18/96 HPs)
             Began as a Minotaur Chaos Knight on Apr 21, 2022.
             Was a Plaything of Xom.
             Demolished by Rupert
             ... wielding a +0 great sword of electrocution
              (37 damage)
             ... on level 3 of the Lair of Beasts.
             The game lasted 00:33:16 (13000 turns).

iguanaiguana the Severer (Minotaur Chaos Knight)   Turns: 13000, Time: 00:33:16

Health: -18/96     AC: 29    Str: 22 (23) XL:     12   Next: 84%
Magic:  12/12      EV: 12    Int:  7      God:    Xom [...*..]
Gold:   851        SH:  0    Dex: 11      Spells: 11/11 levels left

rFire   + . .      SeeInvis .   R - +3 battleaxe
rCold   . . .      Faith    .   (shield currently unavailable)
rNeg    . . .      Spirit   .   Z - +8 plate armour of Cheibriados's Outrage {rPois rF+}
rPois   +          Reflect  .   (helmet restricted)
rElec   .          Harm     .   M - +0 cloak
rCorr   .          Rampage  .   (no gloves)
Will    .....                   (no boots)
Stlth   ..........              (no amulet)
HPRegen 0.26/turn               i - +4 ring of protection
MPRegen 0.13/turn               J - ring "Zoyp" {EV+4 Str+2}

@: invisible
A: horns 2, retaliatory headbutt, iridescent scales 1, deterioration 1, dopey 1,
high MP 1, passive freeze, poison resistance
a: Renounce Religion


You were on level 3 of the Lair of Beasts.
You worshipped Xom.
You were a favourite toy of Xom.
You visited 2 branches of the dungeon, and saw 13 of its levels.
You also visited: Sewer.

You collected 851 gold pieces.

Inventory:

Hand Weapons
 a - a +0 hand axe of chaos
 j - a +1 vampiric war axe
 R - a +3 battleaxe (weapon)
 V - a +3 whip of freezing
Missiles
 p - 9 boomerangs (quivered)
 y - 6 curare-tipped darts
 C - 46 poisoned darts
Armour
 I - an orb of guile
 M - a +0 cloak (worn)
 Z - the +8 plate armour of Cheibriados's Outrage (worn) {rPois rF+}
   (You found it on level 3 of the Lair of Beasts)

   rF:        It protects you from fire.
   rPois:     It protects you from poison.
Jewellery
 i - a +4 ring of protection (left hand)
 n - an amulet of guardian spirit
 H - an amulet of faith
 J - the ring "Zoyp" (right hand) {EV+4 Str+2}
   (You found it on level 6 of the Dungeon)

   [ring of evasion]

   EV:        It affects your evasion (+4).
   Str:       It affects your strength (+2).
 N - a +6 ring of strength
 T - a ring of positive energy
 U - a +4 ring of protection
Wands
 e - a wand of mindburst (7)
 t - a wand of iceblast (14) {@v2}
 u - a wand of flame (14)
 E - a wand of digging (14) {@v3}
 K - a wand of paralysis (11)
 O - a wand of polymorph (11)
 Y - a wand of acid (6) {@v1}
Scrolls
 b - 5 scrolls of blinking {@r4}
 d - 7 scrolls of enchant weapon
 g - 2 scrolls of fog
 k - 3 scrolls of enchant armour
 l - 2 scrolls of holy word {unknown}
 m - 8 scrolls of teleportation {@r3}
 r - 2 scrolls of magic mapping {unknown}
 w - a scroll of torment {unknown}
 x - 2 scrolls of silence
 A - a scroll of acquirement {unknown}
 G - 3 scrolls of immolation
 Q - 3 scrolls of fear
 S - a scroll of brand weapon {unknown}
Potions
 f - 8 potions of heal wounds {@q2}
 h - a potion of mutation
 o - 2 potions of might {@q3}
 q - a potion of magic
 s - 6 potions of curing {@q1}
 v - 3 potions of attraction
 z - 3 potions of haste {@q4}
 D - a potion of brilliance
 F - a potion of ambrosia {unknown}
 L - a potion of flight {unknown}
 P - 2 potions of lignification
Miscellaneous
 c - a piece from Xom's chessboard (4/15)
 W - a phial of floods


   Skills:
 - Level 6.0 Fighting
 - Level 20.0 Axes
 - Level 6.0 Throwing
 + Level 9.9 Armour
 - Level 6.0 Dodging
 - Level 6.0 Evocations


You had 11 spell levels left.
You didn't know any spells.
Your spell library contained the following spells:

 Spells                   Type           Power      Damage    Failure   Level
 Animate Skeleton         Necr           0%         N/A       99%         1
 Pain                     Necr           0%         1d4       99%         1
 Blink                    Tloc           0%         N/A       100%        2
 Ensorcelled Hibernation  Hex/Ice        0%         N/A       100%        2
 Passwall                 Tmut/Erth      0%         N/A       100%        2
 Swiftness                Air            0%         N/A       100%        3
 Vampiric Draining        Necr           0%         2d6       100%        3
 Manifold Assault         Tloc           0%         N/A       100%        5
 Storm Form               Tmut/Air       0%         N/A       100%        7


Dungeon Overview and Level Annotations

Branches:
Dungeon (9/15)             Temple (0/1) D:4            Lair (4/6) D:9
  Swamp (0/4) Lair:3       Spider (0/4) Lair:3        Sewer (visited)
    Orc: D:9-12

Altars:
Elyvilon
Makhleb
Nemelex Xobeh
Uskayaw
Xom
Yredelemnul

Shops:
D:4 ?

Annotations:
Lair:3 Rupert


Innate Abilities, Weirdness & Mutations

You have a pair of horns on your head.
You reflexively headbutt those who attack you in melee.
You are partially covered in iridescent scales. (AC +2)
Your body sometimes deteriorates upon taking damage.
You are dopey. (Int -2)
You have an increased reservoir of magic. (+10% MP)
A frigid envelope surrounds you and freezes all who hurt you.
Your system is resistant to poisons. (rPois)


Message History

The mass of ice explodes!
The iceblast engulfs the yak!!
The yak is heavily wounded.
The iceblast engulfs something.
The yak bellows!
Aiming: Iceblast
Press: ? - help, Shift-Dir - straight line, f/p - yak
Aim: a yak (heavily wounded, wandering, can't see you, hasn't noticed you)
The mass of ice explodes!
The iceblast engulfs the yak!!
You kill the yak!
The iceblast engulfs something!!
Okay, then.
Okay, then.
Something hits you.
You are electrocuted!
You see here a komodo dragon corpse.
Something hits you but does no damage.
You are electrocuted!!
You see here a curare-tipped dart.
Aiming: Iceblast
Press: ? - help, Shift-Dir - straight line
Okay, then.
You hit something but do no damage. You slash something!
You headbutt something. Something hits you!
* * * LOW HITPOINT WARNING * * *
You are electrocuted!
* * * LOW HITPOINT WARNING * * *
Your body deteriorates!
You feel weakened.
You see here a komodo dragon corpse.
There is an escape hatch in the ceiling, spattered with blood here.
You are confused.
A mysterious force pulls you upwards. The hatch slams shut behind you.
Reactivating autopickup.
You bump into the rock wall.
Deactivating autopickup; reactivate with Ctrl-A.
You barely miss something. Your headbutt misses something.
Something barely misses you.
You are too confused!
You feel better. Something hits you!!
* * * LOW HITPOINT WARNING * * *
Something hits you!!!
You die...
Xom is highly amused!

≈............♣♣.§§§§§§♣♣..#
....#.....)..♣♣§§§>§§§♣..P#
####..........≈≈§≈≈§§≈♣♣.##
# #.....P...♣≈≈≈§≈≈≈♣≈♣.P#
# ##....#...+.≈≈≈≈≈♣≈...##
#.....#...#.♣♣♣♣♣♣♣....#
#.....#......♣ #....#
###.........P..## #P...#
##.#.......#....@# #...##
##.##...........## #P...#
................# ##..##
.............<..#######..#
...#.#.####........#.#...#
....#### #..............##
...## #....#####.#...P#
...# ##...........P...#
##.# #...............##


There were no monsters in sight!

Vanquished Creatures
  Erolcha (D:9)
  2 hydras (Lair:2)
  A two-headed ogre (D:9)
  A manticore (D:9)
  2 black mambas
  8 cane toads
  A kobold demonologist (D:9)
  6 komodo dragons
  8 rime drakes
  2 polar bears (Lair:3)
  A troll (D:9)
  6 blink frogs
  A shapeshifter (Lair:3)
  13 yaks
  6 wyverns
  5 basilisks
  A hog (D:8)
  13 steam dragons
  4 vampire mosquitoes (Lair:3)
  4 acid dragons
  9 water moccasins
  3 black bears
  2 ice beasts (D:6)
  A sky beast (D:6)
  2 orc warriors (D:6)
  17 wolves
  An ogre (D:5)
  7 centaurs
  2 phantoms
  5 kobold brigands
  7 bullfrogs
  A necrophage (D:6)
  4 scorpions
  5 wights
  8 killer bees
  3 electric eels
  A howler monkey (D:5)
  5 orc priests
  5 hounds
  2 jellies
  A gnoll shaman (D:6)
  3 iguanas
  2 orc wizards
  8 hell rats (Lair:2)
  3 gnolls (D:6)
  23 river rats
  5 adders
  A white imp (D:6)
  4 ufetubi
  2 worms
  3 dart slugs
  20 orcs
  8 ball pythons
  6 bats
  6 endoplasms
  A giant cockroach (D:3)
  2 goblins
  3 hobgoblins
  6 jackals
  34 kobolds
  8 quokkas
  A frilled lizard (D:2)
  28 rats
354 creatures vanquished.

Vanquished Creatures (collateral kills)
  A rime drake (Lair:3)
  A vampire mosquito (Lair:3)
  An ogre (D:6)
  5 wights
  A white imp (D:6)
  A kobold (Sewer)
10 creatures vanquished.

Vanquished Creatures (others)
  21 fungi
  32 plants
53 creatures vanquished.

Grand Total: 417 creatures vanquished

Notes
Turn   | Place    | Note
-------+----------+-------------------------------------------
     0 | D:1      | iguanaiguana the Minotaur Chaos Knight began the quest for
                  | the Orb.
     0 | D:1      | Reached XP level 1. HP: 19/19 MP: 0/0
   134 | D:1      | Reached skill level 4 in Axes
   258 | D:1      | Reached XP level 2. HP: 26/26 MP: 1/1
   559 | D:1      | Found a faded altar of an unknown god.
   892 | D:2      | Identified the +8 chain mail of the Poles {Fly Int+2}
   898 | D:2      | Reached skill level 5 in Axes
  1224 | D:2      | Reached XP level 3. HP: 31/31 MP: 2/2
  1302 | D:2      | XOM: cloud trail
  1546 | D:3      | XOM: silly message
  1786 | D:3      | XOM: cloud trail
  1981 | D:3      | Reached XP level 4. HP: 39/39 MP: 3/3
  2078 | D:3      | XOM: 2-stop teleportation journey
  2131 | D:3      | Reached skill level 6 in Axes
  2224 | D:3      | XOM: give mutation
  2224 | D:3      | Gained mutation: You sometimes lose the ability to read
                  | scrolls when taking damage. [Xom's mischief]
  2309 | D:3      | XOM: summons 1 hostile shadow creature
  2476 | D:4      | Found a staircase to the Ecumenical Temple.
  2611 | D:4      | Found a glowing drain.
  2620 | Sewer    | Entered a sewer
  2736 | Sewer    | Noticed a kobold brigand
  2796 | Sewer    | XOM: enchant monster (good)
  2804 | Sewer    | Killed a kobold brigand
  2805 | Sewer    | Reached skill level 7 in Axes
  2805 | Sewer    | Reached XP level 5. HP: 42/45 MP: 4/4
  2984 | Sewer    | Reached skill level 8 in Axes
  2996 | Sewer    | Reached XP level 6. HP: 51/51 MP: 5/5
  3547 | D:4      | XOM: give mutations
  3547 | D:4      | Lost mutation: You sometimes lose the ability to read
                  | scrolls when taking damage. [Xom's mischief]
  3547 | D:4      | Gained mutation: You tend to lose your temper in combat.
                  | [Xom's mischief]
  3547 | D:4      | Gained mutation: You have a pair of large horns on your
                  | head. [Xom's mischief]
  3587 | D:4      | Found Guic's Magic Scroll Shop.
  3682 | D:4      | XOM: summons 4 hostile demons
  3696 | D:4      | XOM: give mutation
  3696 | D:4      | Lost mutation: You have a pair of large horns on your head.
                  | [Xom's mischief]
  3813 | D:5      | Entered Level 5 of the Dungeon
  3819 | D:5      | Found a white marble altar of Elyvilon.
  3849 | D:5      | XOM: 1-stop teleportation journey
  3853 | D:5      | XOM: cleaving
  3856 | D:5      | Reached skill level 5 in Armour
  3915 | D:5      | XOM: scenery: 1 doors open
  4187 | D:5      | XOM: god gift: +2 fustibalus of freezing
  4227 | D:5      | Reached XP level 7. HP: 57/57 MP: 6/6
  4319 | D:5      | XOM: give mutations
  4319 | D:5      | Gained mutation: A frigid envelope surrounds you and
                  | freezes all who hurt you. [Xom's grace]
  4319 | D:5      | Gained mutation: Your movements are slightly less
                  | encumbered by armour. (ER -2) [Xom's grace]
  4319 | D:5      | Gained mutation: You have a pair of large horns on your
                  | head. [Xom's grace]
  4319 | D:5      | Gained mutation: Your system is resistant to poisons.
                  | (rPois) [Xom's grace]
  4357 | D:5      | Reached skill level 1 in Throwing
  4373 | D:5      | XOM: enchant monster (good)
  4588 | D:5      | XOM: give mutations
  4588 | D:5      | Gained mutation: Your muscles are strong. (Str +2) [Xom's
                  | grace]
  4588 | D:5      | Gained mutation: You are partially covered in iridescent
                  | scales. (AC +2) [Xom's grace]
  4588 | D:5      | Gained mutation: Your muscles are very strong. (Str +4)
                  | [Xom's grace]
  4588 | D:5      | Gained mutation: Your flesh is cold resistant. (rC+) [Xom's
                  | grace]
  4678 | D:6      | XOM: scenery: create altars
  4684 | D:6      | XOM: summons 7 friendly demons
  4722 | D:6      | Reached skill level 5 in Throwing
  4722 | D:6      | Reached XP level 8. HP: 64/64 MP: 7/7
  4780 | D:6      | XOM: summons friendly quasit
  4782 | D:6      | XOM: polymorph quasit -> iron imp
  4784 | D:6      | XOM: butterfly on damage
  4845 | D:6      | XOM: divination: magic mapping
  4896 | D:5      | XOM: cloud trail
  5088 | D:6      | XOM: god gift: scroll labelled VEITIAZISCH {god gift}
  5098 | D:6      | XOM: summons 2 friendly demons
  5137 | D:5      | XOM: summons 4 hostile demons
  5264 | D:6      | Reached skill level 5 in Fighting
  5539 | D:6      | Reached skill level 1 in Evocations
  5559 | D:6      | XOM: 1-stop teleportation journey
  5636 | D:6      | Identified the ring "Zoyp" {EV+4 Str+2}
  5905 | D:6      | Reached XP level 9. HP: 50/75 MP: 8/8
  6027 | D:6      | Reached skill level 5 in Evocations
  6039 | D:6      | XOM: cleaving
  6045 | D:6      | XOM: cleaving
  6053 | D:6      | XOM: enchant monster (good)
  6059 | D:6      | XOM: confusion (+ monsters)
  6070 | D:6      | XOM: confusion (+ monsters)
  6239 | D:6      | XOM: silly message
  6345 | D:7      | Found a sparkling altar of Nemelex Xobeh.
  6348 | D:7      | Reached skill level 9 in Axes
  6475 | D:7      | Reached skill level 10 in Axes
  6657 | D:7      | XOM: summons 2 hostile shadow creatures
  6816 | D:7      | Reached skill level 11 in Axes
  6889 | D:7      | XOM: summons 4 hostile demons
  7036 | D:8      | XOM: cast spell 'Call Canine Familiar'
  7123 | D:8      | Found a hide-covered altar of Uskayaw.
  7337 | D:8      | Found a shimmering altar of Xom.
  7337 | D:8      | XOM: 1-stop teleportation journey
  7343 | D:8      | XOM: polymorph acid dragon -> hog
  7350 | D:8      | Reached XP level 10. HP: 74/83 MP: 9/9
  7435 | D:8      | Found a basalt altar of Yredelemnul.
  7508 | D:8      | XOM: smoke on damage
  7515 | D:8      | Reached skill level 12 in Axes
  7692 | D:8      | XOM: confusion
  7905 | D:8      | Found a burning altar of Makhleb.
  7905 | D:8      | Noticed a green death
  8357 | D:9      | Noticed a manticore
  8366 | D:9      | Killed a manticore
  8367 | D:9      | Reached skill level 13 in Axes
  8380 | D:9      | XOM: potion effect (invisibility)
  8398 | D:9      | Reached skill level 14 in Axes
  8407 | D:9      | XOM: divination: detect items
  8414 | D:9      | Found a staircase to the Lair.
  8677 | D:9      | Noticed a two-headed ogre
  8680 | D:9      | XOM: cast spell 'Cause Fear'
  8685 | D:9      | Killed a two-headed ogre
  8754 | D:9      | XOM: 3-stop teleportation journey
  8758 | D:9      | Reached skill level 15 in Axes
  8862 | D:9      | Noticed Erolcha
  8880 | D:9      | Killed Erolcha
  9029 | D:9      | Reached XP level 11. HP: 89/89 MP: 10/10
  9047 | D:9      | Noticed a wizard
  9213 | Lair:1   | Entered Level 1 of the Lair of Beasts
  9213 | Lair:1   | XOM: noise
  9220 | Lair:1   | Reached skill level 16 in Axes
  9224 | Lair:1   | XOM: potion effect (might)
  9455 | Lair:1   | Reached skill level 17 in Axes
  9647 | Lair:1   | You are sucked into a shaft and drop 1 floor!
  9671 | Lair:2   | XOM: potion effect (invisibility)
  9677 | Lair:2   | XOM: swap monsters
  9738 | Lair:2   | XOM: 2-stop teleportation journey
  9886 | Lair:1   | Found a white marble altar of Elyvilon.
  9887 | Lair:1   | XOM: butterfly on damage
  9990 | Lair:1   | XOM: 1-stop teleportation journey
 10110 | Lair:1   | Reached skill level 18 in Axes
 10202 | Lair:1   | XOM: scenery: 1 doors open
 10340 | Lair:1   | XOM: noise
 10424 | Lair:1   | XOM: silly message
 10579 | Lair:2   | XOM: summons 1 hostile shadow creature
 10646 | Lair:2   | XOM: 3-stop teleportation journey
 10710 | Lair:2   | Reached skill level 19 in Axes
 10713 | Lair:2   | XOM is BORED!
 10713 | Lair:2   | XOM: confusion
 10781 | Lair:2   | XOM: summons 3 hostile shadow creatures
 10837 | Lair:2   | Noticed an eight-headed hydra
 10844 | Lair:2   | XOM: confuse monster(s)
 10844 | Lair:2   | Killed an eight-headed hydra
 10845 | Lair:2   | Reached XP level 12. HP: 68/96 MP: 11/11
 10893 | Lair:2   | XOM: summons 7 hostile demons
 10896 | Lair:2   | XOM: give mutation
 10896 | Lair:2   | Gained mutation: Your body sometimes deteriorates upon
                  | taking damage. [Xom's mischief]
 10983 | Lair:2   | XOM: silly message
 11061 | Lair:2   | Noticed an eight-headed hydra
 11069 | Lair:2   | Killed an eight-headed hydra
 11081 | Lair:2   | XOM: give mutations
 11081 | Lair:2   | Lost mutation: Your flesh is cold resistant. (rC+) [Xom's
                  | mischief]
 11081 | Lair:2   | Lost mutation: Your movements are slightly less encumbered
                  | by armour. (ER -2) [Xom's mischief]
 11290 | Lair:2   | XOM: noise
 11451 | Lair:3   | XOM: summons 1 hostile shadow creature
 11687 | Lair:3   | XOM: fake destruction
 11715 | Lair:3   | Reached skill level 20 in Axes
 11715 | Lair:3   | XOM: divination: magic mapping
 11828 | Lair:3   | XOM: polymorph wolf -> jelly
 11832 | Lair:3   | Reached skill level 5 in Dodging
 11902 | Lair:3   | XOM: 5-stop teleportation journey
 11910 | Lair:3   | XOM: summons 12 friendly demons
 11927 | Lair:3   | Found a staircase to the Swamp.
 12096 | Lair:3   | XOM: polymorph blink frog -> shapeshifter
 12120 | Lair:3   | XOM: give mutations
 12120 | Lair:3   | Gained mutation: You are dopey. (Int -2) [Xom's mischief]
 12120 | Lair:3   | Lost mutation: Your muscles are very strong. (Str +4)
                  | [Xom's mischief]
 12120 | Lair:3   | Lost mutation: Your muscles are strong. (Str +2) [Xom's
                  | mischief]
 12120 | Lair:3   | Gained mutation: You are weak. (Str -2) [Xom's mischief]
 12121 | Lair:3   | Lost mutation: You have a pair of large horns on your head.
                  | [potion of mutation]
 12121 | Lair:3   | Lost mutation: You tend to lose your temper in combat.
                  | [potion of mutation]
 12121 | Lair:3   | Lost mutation: You are weak. (Str -2) [potion of mutation]
 12121 | Lair:3   | Gained mutation: You have an increased reservoir of magic.
                  | (+10% MP) [potion of mutation]
 12293 | Lair:3   | Found a hole to the Spider Nest.
 12298 | Lair:3   | XOM: god gift: phial of floods
 12557 | Lair:3   | Identified the +8 plate armour of Cheibriados's Outrage
                  | {rPois rF+}
 12974 | Lair:4   | Noticed Rupert
 12978 | Lair:4   | XOM: potion effect (heal wounds)
 13000 | Lair:3   | Demolished by Rupert

Illustrated notes

Levels and vault maps discovered:
D:1:      shiori_arrival_elements, layout_loops_ring, basic_ecumenical_altar,
          serial_park_tiny_2, ebering_dispersal_statue_hall
D:2:      layout_basic
D:3:      layout_basic, minmay_misc_feat_iff
D:4:      layout_cave_pools, minmay_temple_entry_glass, serial_shops,
          shop_statue, cheibrodos_sewer_entry_sluice, minmay_strange_pillars
D:5:      layout_loops_corners, mainiacjoe_overflow_six_doors_small
D:6:      layout_cave_pools, serial_bayou_ford_a, hellmonk_bongcloud_opening,
          minivault_11, st_stairs_8, minmay_joined_circles
D:7:      layout_basic, mainiacjoe_overflow_alcove_4
D:8:      layout_basic, makhleb_altar_promises_db,
          mainiacjoe_overflow_catch_the_wave, eat_drink_and_be_merry_uskayaw,
          fungi_pond_lemuel
D:9:      layout_loops_ring, erik_lair_dragon, minmay_puff, uniq_erolcha
Lair:1:   layout_regular_city, basic_altar, fungi_pond_lemuel,
          grunt_forest_stairs_basic
Lair:2:   lemuel_ratsnest, layout_regular_city, lemuel_fruit_fields,
          serial_bayou_shore_a
Lair:3:   layout_chaotic_city, minmay_swamp_entry_swarm,
          spider_nest_entry_web_field, bobbens_dragon_lair_wall
Lair:4:   layout_misc_corridors, uniq_rupert

Skill      XL: |  1  2  3  4  5  6  7  8  9 10 11 12 |
---------------+-------------------------------------+-----
Axes           | 4 5 7 8 11 15 19 20 | 20.0
Armour         | 3 6 9 |  9.9
Throwing       | 5 6 |  6.0
Fighting       | 6 |  6.0
Evocations     | 4 6 |  6.0
Dodging        | 6 |  6.0

Action                   |  1- 3 |  4- 6 |  7- 9 | 10-12 || total
-------------------------+-------+-------+-------+-------++-------
Melee: Hand axe          |   106 |   157 |   176 |       ||   439
       Headbutt          |    15 |    20 |    33 |    63 ||   131
       Punch             |     1 |     1 |     5 |       ||     7
       Battleaxe         |       |       |    14 |   358 ||   372
Throw: Boomerang         |       |       |    10 |     3 ||    13
       Dart              |       |       |     1 |     7 ||     8
Evoke: Piece from Xom's  |       |       |       |    21 ||    21
       Wand              |       |       |       |    14 ||    14
  Use: Scroll            |       |     6 |     9 |     7 ||    22
       Potion            |       |     3 |       |     3 ||     6
 Stab: Distracted        |       |     1 |       |     1 ||     2
       Paralysed         |       |     2 |       |       ||     2
       Petrified         |       |       |     2 |     3 ||     5
       Petrifying        |       |       |     1 |       ||     1
       Sleeping          |       |       |     1 |     2 ||     3
       Invisible         |       |       |       |     6 ||     6
Armor: Leather armour    |    19 |       |       |       ||    19
       Chain mail        |    41 |   148 |   110 |   223 ||   522
       Plate armour      |       |       |       |     6 ||     6
Dodge: Dodged            |    37 |    83 |   130 |   233 ||   483

Table legend: (Time is in decaauts)
 A = Elapsed time spent in this place.
 B = Non-inter-level travel time spent in this place.
 C = Inter-level travel time spent in this place.
 D = Time resting spent in this place.
 E = Time spent auto-exploring this place.
 F = Levels seen in this place.
 G = Mean time per level.
                   A        B        C        D        E       F      G
               +--------+--------+--------+--------+--------+-----+--------+
         Total |  12954 |  12272 |    682 |    808 |   9420 |  14 |  925.3 |
       Dungeon |   8567 |   8088 |    479 |    679 |   6195 |   9 |  951.9 |
          Lair |   3733 |   3530 |    203 |    128 |   2807 |   4 |  933.2 |
         Sewer |    653 |    653 |      0 |      0 |    418 |   1 |  653.0 |
               +--------+--------+--------+--------+--------+-----+--------+

Top non-repeatable levels by time:
  Lair:3: 1351 daAuts
     D:6: 1322 daAuts
  Lair:2: 1303 daAuts
     D:5: 1217 daAuts
     D:8: 1208 daAuts
  Lair:1: 993 daAuts
     D:9: 982 daAuts
     D:3: 973 daAuts
     D:1: 789 daAuts
     D:4: 723 daAuts
     D:7: 675 daAuts
     D:2: 675 daAuts
   Sewer: 653 daAuts
  Lair:4: 84 daAuts
